Map: Deathaura LE

Players

Keanu - Winner!

  • Race: Protoss Protoss
  • League: Grandmaster
  • Spawn Location: 11:00

AqueroN

  • Race: Terran Terran
  • League: Grandmaster
  • Spawn Location: 5:00

VOD

https://www.youtube.com/watch?v=asfzCah_ugs&t=5s

Description

Here is the Build Order to my Youtube Guide!

Time

  • Played on: Dec. 2, 2020, 12:34 p.m.
  • Length: 13:27
Show
View Real Time Build Order
Export as new Build Order

Keanu Protoss - Winner!

Build Orders: 1 Gate Expand, Oracle Opening 

Get SALT Encoding   

  12  0:00  Probe  
  13  0:12  Probe  
  14  0:17  Pylon  
  14  0:24  Probe (Chrono Boost)  
  15  0:36  Probe (Chrono Boost)  
  15  0:38  Gateway  
  16  0:45  Probe (Chrono Boost)  
  16  0:47  Assimilator  
  17  0:51  Probe  
  18  1:03  Probe  
  19  1:15  Probe  
  20  1:22  Nexus  
  20  1:32  Cybernetics Core  
  20  1:35  Probe  
  21  1:41  Assimilator  
  21  1:47  Probe  
  21  1:50  Pylon  
  22  1:59  Probe  
  23  2:05  Stalker (Chrono Boost)  
  25  2:11  Probe  
  26  2:18  Stargate  
  26  2:23  Probe  
  26  2:28  Stalker  
  29  2:35  Probe x2 (Chrono Boost)  
  31  2:37  Warp Gate  
  31  2:47  Probe x2 (Chrono Boost)  
  33  2:52  Probe x2 (Chrono Boost)  
  35  3:02  Probe (Chrono Boost)  
  35  3:05  Oracle  
  39  3:07  Probe (Chrono Boost)  
  40  3:18  Pylon  
  40  3:19  Probe (Chrono Boost)  
  42  3:20  Probe (Chrono Boost)  
  42  3:24  Probe (Chrono Boost)  
  42  3:26  Probe (Chrono Boost), Twilight Council  
  44  3:28  Gateway  
  44  3:33  Probe  
  45  3:35  Gateway  
  45  3:38  Stalker, Probe  
  48  3:44  Pylon  
  48  3:45  Probe  
  49  3:50  Probe  
  50  3:55  Pylon  
  50  3:57  Probe  
  51  4:03  Blink (Chrono Boost)  
  51  4:05  Probe  
  51  4:09  Probe  
  50  4:21  Nexus  
  50  4:22  Probe  
  50  4:23  Pylon, Probe  
  52  4:26  Stalker  
  52  4:28  Shield Battery  
  52  4:30  Stalker  
  56  4:34  Assimilator  
  56  4:36  Stalker  
  59  4:38  Probe  
  59  4:39  Probe  
  59  4:43  Shield Battery  
  60  4:51  Stalker  
  62  4:54  Probe  
  62  4:55  Probe  
  64  5:01  Forge  
  64  5:03  Forge  
  64  5:05  Stalker  
  66  5:07  Probe  
  66  5:09  Probe  
  66  5:12  Stalker  
  70  5:14  Pylon  
  70  5:19  Stalker, Probe (Chrono Boost)  
  73  5:21  Probe (Chrono Boost)  
  75  5:30  Protoss Ground Armor Level 1 (Chrono Boost), Probe (Chrono Boost)  
  75  5:31  Protoss Ground Weapons Level 1 (Chrono Boost), Probe (Chrono Boost)  
  75  5:34  Probe (Chrono Boost)  
  75  5:35  Probe (Chrono Boost)  
  77  5:38  Stalker, Probe  
  81  5:45  Probe  
  82  5:54  Probe  
  82  5:55  Probe, Charge (Chrono Boost)  
  82  6:02  Probe  
  82  6:03  Gateway x2  
  82  6:04  Pylon  
  83  6:06  Probe  
  83  6:07  Probe, Gateway  
  81  6:11  Stalker x3  
  81  6:15  Probe  
  81  6:18  Assimilator  
  83  6:31  Gateway  
  83  6:33  Gateway  
  83  6:34  Nexus  
  83  6:35  Sentry x2  
  83  6:38  Pylon  
  87  6:41  Gateway  
  87  6:45  Gateway  
  87  6:51  Pylon  
  87  6:53  Zealot  
  89  7:00  Robotics Facility, Pylon  
  87  7:03  Zealot x2  
  87  7:04  Zealot x3  
  97  7:09  Pylon  
  97  7:11  Pylon  
  97  7:21  Pylon  
  100  7:25  Zealot x4, Gateway x2  
  100  7:27  Zealot x2  
  109  7:30  Protoss Ground Armor Level 2 (Chrono Boost)  
  109  7:31  Protoss Ground Weapons Level 2 (Chrono Boost)  
  109  7:33  Zealot x2  
  113  7:44  Zealot  
  113  7:45  Zealot x2  
  107  8:04  Zealot  
  107  8:05  Zealot x8  
  115  8:07  Probe x2  
  115  8:08  Probe  
  118  8:13  Robotics Bay  
  118  8:16  Robotics Facility  
  118  8:17  Probe  
  118  8:19  Observer, Probe  
  121  8:21  Probe x2  
  121  8:26  Zealot x2  
  121  8:27  Zealot x2  
  131  8:29  Probe  
  132  8:41  Warp Prism (Chrono Boost)  
  132  8:42  Pylon  
  132  8:44  Pylon  
  132  8:45  Pylon  
  134  8:55  Nexus  
  134  8:56  Pylon  
  134  9:03  Extended Thermal Lance (Chrono Boost)  
  134  9:06  Colossus (Chrono Boost)  
  134  9:09  Stalker x3  
  146  9:13  Colossus (Chrono Boost)  
  152  9:18  Pylon  
  152  9:20  Zealot x4  
  152  9:21  Assimilator  
  160  9:29  Zealot x3  
  160  9:31  Zealot  
  168  9:41  Zealot x4  
  168  9:45  Protoss Ground Armor Level 3 (Chrono Boost)  
  176  9:49  Colossus (Chrono Boost)  
  182  9:53  Zealot x3  
  182  9:56  Protoss Ground Weapons Level 3 (Chrono Boost)  
  182  9:59  Pylon  
  178  10:00  Pylon  
  170  10:07  Pylon  
  170  10:08  Zealot x2  
  170  10:10  Colossus (Chrono Boost)  
  178  10:24  Pylon  
  178  10:25  Zealot x6  
  189  10:34  Gateway  
  189  10:37  Gateway  
  173  10:44  Zealot x6  
  169  10:52  Zealot x3  
  169  10:55  Zealot x3  
  159  11:02  Colossus (Chrono Boost)  
  134  11:06  Zealot x4  
  121  11:20  Zealot x8  
  137  11:25  Probe  
  137  11:26  Probe  
  142  11:37  Disruptor (Chrono Boost)  
  142  11:38  Stalker x5  
  144  11:55  Zealot x8  
  144  12:00  Stalker  
  154  12:02  Warp Prism  
  138  12:27  Zealot x12  
  138  12:28  Zealot x2  
  148  12:38  Warp Prism  
  148  12:42  Assimilator  
  150  12:44  Assimilator  
  150  12:49  Zealot x7  
  149  13:12  Zealot x8  
Show
View Real Time Build Order
Export as new Build Order

AqueroN Terran 

Build Orders: Reaper Expand 

Get SALT Encoding   

  12  0:00  SCV  
  13  0:12  SCV  
  14  0:16  Supply Depot  
  14  0:24  SCV  
  15  0:38  SCV  
  15  0:40  Barracks  
  16  0:43  Refinery  
  16  0:50  SCV  
  17  1:02  SCV  
  18  1:14  SCV  
  19  1:27  Orbital Command  
  19  1:28  Reaper  
  20  1:40  Command Center  
  20  1:49  Supply Depot  
  20  1:54  SCV  
  20  2:00  Marine  
  22  2:06  SCV  
  22  2:08  Factory  
  23  2:14  Bunker  
  23  2:18  SCV  
  23  2:20  Marine  
  25  2:26  Refinery  
  25  2:31  SCV  
  26  2:38  Barracks Reactor  
  26  2:43  SCV  
  27  2:53  Orbital Command  
  27  2:55  Starport, SCV  
  30  3:06  Widow Mine  
  30  3:07  SCV  
  30  3:11  Supply Depot  
  31  3:15  Marine x2  
  31  3:18  SCV  
  31  3:19  SCV  
  35  3:28  Widow Mine  
  35  3:30  SCV  
  35  3:31  SCV  
  35  3:33  Marine x2  
  41  3:35  Viking  
  43  3:42  SCV  
  43  3:43  Supply Depot, SCV  
  45  3:49  Factory Tech Lab  
  45  3:51  Marine x2  
  45  3:54  SCV  
  49  3:55  SCV  
  49  3:56  Supply Depot  
  49  4:05  Viking  
  49  4:06  SCV  
  49  4:07  SCV  
  53  4:10  Marine x2, Siege Tank  
  58  4:17  Supply Depot  
  58  4:18  SCV  
  58  4:19  SCV  
  60  4:28  Marine x2  
  60  4:30  Supply Depot  
  60  4:31  SCV  
  63  4:32  SCV  
  64  4:39  Viking  
  64  4:42  Siege Tank  
  64  4:43  SCV  
  64  4:44  SCV  
  71  4:50  Command Center  
  71  4:55  SCV  
  71  4:56  SCV  
  71  4:59  Marine x2  
  75  5:07  SCV  
  75  5:08  SCV  
  75  5:10  Barracks x2, Starport Tech Lab  
  77  5:14  Siege Tank  
  77  5:17  Marine x2  
  77  5:19  SCV  
  77  5:20  SCV  
  77  5:21  Supply Depot  
  84  5:22  Refinery  
  84  5:24  Supply Depot  
  84  5:35  Marine x2  
  86  5:41  Supply Depot x2  
  86  5:42  Raven, SCV x2  
  83  5:58  Marine x2  
  83  6:01  Siege Tank  
  83  6:02  Barracks Tech Lab  
  83  6:03  Orbital Command  
  83  6:04  SCV x2  
  88  6:17  Marine  
  88  6:18  Marine  
  90  6:20  SCV x2  
  90  6:23  Barracks  
  92  6:26  Barracks  
  92  6:27  Engineering Bay  
  92  6:28  Engineering Bay  
  92  6:31  Marauder, Stimpack  
  92  6:32  Combat Shield, SCV x2  
  95  6:33  Marauder  
  95  6:37  Engineering Bay  
  95  6:39  Orbital Command  
  98  6:42  Supply Depot, Refinery  
  98  6:44  SCV x2  
  99  6:55  Starport Reactor  
  99  6:56  SCV x2  
  99  6:58  Marine  
  99  6:59  Marine, Marauder x2  
  105  7:04  Siege Tank  
  105  7:06  SCV  
  105  7:08  SCV x2  
  110  7:19  Supply Depot  
  110  7:20  Supply Depot, Barracks Reactor, Barracks Tech Lab, Barracks  
  110  7:21  Barracks  
  110  7:22  Barracks  
  110  7:23  Marine x2, Marauder x2  
  110  7:26  SCV x3  
  110  7:27  Refinery x2  
  119  7:33  Terran Infantry Armor Level 1, Terran Infantry Weapons Level 1  
  119  7:38  SCV x3  
  119  7:40  Supply Depot x3  
  119  7:43  Marine x2, Marauder  
  126  7:45  Marauder  
  125  7:56  Marauder  
  115  8:02  SCV  
  115  8:04  Marauder, SCV  
  117  8:06  Siege Tank, Marauder  
  117  8:07  Concussive Shells  
  117  8:10  SCV  
  123  8:14  SCV  
  123  8:18  Marauder  
  126  8:20  Supply Depot, Marine, Barracks Tech Lab x3  
  126  8:21  Supply Depot x2, Marine x3  
  126  8:23  Supply Depot  
  126  8:26  Marauder  
  132  8:27  Marauder  
  132  8:30  Medivac  
  132  8:31  Medivac  
  138  8:39  Marauder  
  140  8:44  Marine x3  
  140  8:45  Marine  
  140  8:46  Marauder x3  
  140  8:47  Marauder  
  140  8:48  Siege Tank  
  155  8:50  Marauder  
  157  9:00  Marauder  
  158  9:05  Sensor Tower  
  158  9:06  Supply Depot  
  158  9:07  Supply Depot, Marine x2, Marauder x2  
  158  9:08  Supply Depot, Marine x2  
  166  9:10  Medivac  
  166  9:11  Medivac  
  166  9:16  Command Center  
  171  9:17  Marauder x2  
  171  9:18  Marauder  
  171  9:24  Marauder  
  177  9:29  Marauder  
  179  9:31  Missile Turret  
  179  9:33  Ghost Academy  
  179  9:34  Missile Turret  
  179  9:36  Marine  
  179  9:37  Marine x3  
  183  9:42  Armory  
  183  9:43  Missile Turret  
  183  9:44  Missile Turret  
  183  9:46  Missile Turret  
  182  9:55  Marauder x4  
  190  10:15  Marauder x2  
  190  10:16  Marauder x2  
  187  10:22  Marine x3  
  187  10:23  Marine  
  191  10:30  Command Center, Ghost x2  
  191  10:32  Terran Infantry Weapons Level 2, Terran Infantry Armor Level 2  
  191  10:35  Ghost  
  195  10:36  Marine  
  182  10:45  Ghost x2  
  182  10:47  Marine x4  
  182  10:48  Medivac  
  179  11:00  Marine x2  
  179  11:03  Marauder  
  157  11:05  Marauder  
  130  11:13  Ghost x2  
  130  11:14  Marine x2  
  130  11:15  SCV x3  
  130  11:16  Planetary Fortress  
  117  11:18  Refinery  
  117  11:20  Refinery  
  117  11:21  Marine x2, Marauder x2  
  117  11:24  Marauder  
  117  11:25  Missile Turret  
  123  11:28  SCV x2  
  123  11:29  Sensor Tower  
  125  11:32  Medivac  
  125  11:35  SCV  
  125  11:38  Ghost  
  129  11:40  SCV  
  119  11:49  Marauder x2  
  119  11:51  Marine  
  111  11:56  Marauder x2  
  111  11:57  Marauder  
  105  12:02  Marine x2  
  105  12:03  Marine  
  105  12:07  Marine  
  105  12:11  Marauder x2  
  88  12:18  Marauder x3  
  89  12:27  Marine  
  89  12:28  Marine x2  
  73  12:31  Marauder  
  73  12:32  Marauder  
  78  12:37  Marauder  
  78  12:39  Marauder  
  78  12:44  Marine  
  71  12:48  Marauder x2  
Tags
 
Add a new tag
Caveats
  • Supply blocks, unpowered buildings, or Contaminate may cause inaccurate times.
  • Supply counts are checked every 10 seconds.